 Dungeon Crawl Stone Soup version 0.31-a0-202-g547052bce9 (webtiles) character file.

Game seed: 13046907454980625996

137 qw the Skirmisher (level 5, -2/29 HPs)
             Began as a Deep Elf Hunter on June 26, 2023.
             Slain by a hound (3 damage)
             ... on level 6 of the Dungeon.
             The game lasted 00:00:51 (1774 turns).

qw the Skirmisher (Deep Elf Hunter)                 Turns: 1774, Time: 00:00:52

Health: -2/29      AC:  4    Str: 10    XL:     5   Next: 0%
Magic:  7/7        EV: 12    Int: 14    God:
Gold:   191        SH:  0    Dex: 18    Spells: 4/4 levels left

rFire   . . .        Y - +0 shortbow
rCold   . . .        (shield currently unavailable)
rNeg    . . .        c - +0 leather armour
rPois   .            (no helmet)
rElec   .            (no cloak)
rCorr   .            e - +0 pair of gloves
SInv    .            (no boots)
Will    .....        (no amulet)
Stlth   ++           (no ring)
HPRegen 0.24/turn    (no ring)
MPRegen 0.10/turn

%: no passive effects
@: no status effects
A: no striking features
a: no special abilities


You were on level 6 of the Dungeon.
You visited 1 branch of the dungeon, and saw 4 of its levels.

You collected 191 gold pieces.


   Skills:
 - Level 1.5 Fighting
 + Level 8.4 Ranged Weapons
 - Level 2.4 Dodging
 - Level 1.2 Stealth


You had 4 spell levels left.
You didn't know any spells.
Your spell library was empty.

Inventory:

Hand Weapons
 Y - a +0 shortbow (weapon)
Armour
 c - a +0 leather armour (worn)
 e - a +0 pair of gloves (worn)
 g - a +0 ring mail
Scrolls
 k - a scroll of identify
Potions
 a - a potion of invisibility {unknown}
 b - a potion of heal wounds {unknown}
 d - a potion of might {unknown}
 f - a potion of degeneration {unknown}
 h - a potion of experience {unknown}
 i - 3 potions of curing
 j - a potion of mutation {unknown}

Dungeon Overview and Level Annotations

Branches:
Dungeon (3/15)

Altars:
Zin

Shops:
D:1 (?[?(

Annotations:
D:6 Dowan, Duvessa


Message History

Duvessa seems to speed up.
You shoot an arrow. The hound barks!
The arrow hits Duvessa.
Duvessa is lightly wounded.
Dowan says, "Magic and the sword, together, will defeat you."
You shoot an arrow. The arrow closely misses Duvessa.
The arrow hits Dowan.
Dowan is lightly wounded.
You shoot an arrow.
The arrow hits Duvessa but does no damage.
Duvessa is lightly wounded.
You shoot an arrow. The arrow hits Duvessa.
Duvessa is lightly wounded.
Duvessa misses you. Duvessa hits you with a +0 short sword.
You shoot an arrow. The arrow hits Duvessa.
Duvessa is moderately wounded.
Duvessa hits you with a +0 short sword!
A water moccasin comes into view.
You shoot an arrow. The water moccasin hisses angrily.
The arrow hits Duvessa.
Duvessa is moderately wounded.
Duvessa completely misses you. Duvessa misses you. Dowan casts a spell at you.
The puff of flame hits you.
You shoot an arrow. The arrow hits Duvessa.
Duvessa is moderately wounded.
Duvessa closely misses you.
You shoot an arrow. The arrow completely misses Duvessa.
The arrow closely misses the water moccasin.
Duvessa hits you but does no damage. The hound barely misses you.
Duvessa says, "Where magic fails, the sword succeeds!"
Duvessa hits you with a +0 short sword!
The hound stops to sniff the ground.
The hound bites you but does no damage. Dowan hits you with a +0 dagger.
You shoot an arrow.
The arrow hits Duvessa but does no damage.
Duvessa is moderately wounded.
Duvessa barely misses you. The hound bites you.
You die...

...........###...#
............##...##
#...........##....##
............#/#....
#..........#####
#...........# ##
#......###......
.#..##!##......#
..##...
......e@..?...####.#
###
......eh............
.....S.............#
....................
.##.##..............
#.. #....#......###
... #....#......# ..
###.......#.#
#..#.####..


You could see Duvessa (fast), a water moccasin, Dowan and a hound.

Vanquished Creatures
  A gnoll (D:1)
  4 adders (D:2)
  2 worms (D:2)
  An orc (D:3)
  7 ball pythons
  5 bats
  5 endoplasms
  4 giant cockroaches
  15 goblins
  13 hobgoblins
  3 jackals (D:1)
  6 kobolds
  2 quokkas
  2 frilled lizards
  7 rats
77 creatures vanquished.

Notes
Turn   | Place    | Note
-------+----------+-------------------------------------------
     0 | D:1      | qw the Deep Elf Hunter began the quest for the Orb.
     0 | D:1      | Reached XP level 1. HP: 12/12 MP: 3/3
     0 | D:1      | 0 ||| qw: Version: 0.3-a-22-g0ed2b0b
     0 | D:1      | 0 ||| qw: Game counter: 6308
     0 | D:1      | 0 ||| qw: Melee chars always use a shield: true
     0 | D:1      | 0 ||| qw: God list: Okawaru
     0 | D:1      | 0 ||| qw: Allow faded altars: false
     0 | D:1      | 0 ||| qw: Do Orc after clearing Dungeon:15 true
     0 | D:1      | 0 ||| qw: Do second Lair branch before Depths: true
     0 | D:1      | 0 ||| qw: Lair rune preference: random
     0 | D:1      | 0 ||| qw: Goals: Normal
     0 | D:1      | 0 ||| PLANNING D:1-11
    42 | D:1      | Found Cuhuun's Magic Scroll Shop.
    48 | D:1      | Found Nahablir's Magic Scroll Shop.
    52 | D:1      | Reached XP level 2. HP: 16/16 MP: 4/4
    57 | D:1      | 57 ||| SHOPLISTING 2 scrolls of enchant weapon (195 gold,
                  | have 22).
    57 | D:1      | 57 ||| SHOPLISTING scroll of enchant armour (97 gold, have
                  | 22).
    57 | D:1      | 57 ||| SHOPLISTING scroll of enchant weapon (97 gold, have
                  | 22).
    57 | D:1      | 57 ||| SHOPLISTING scroll of identify (26 gold, have 22).
    60 | D:1      | 60 ||| SHOPLISTING scroll of identify (26 gold, have 22).
    73 | D:1      | Reached skill level 6 in Ranged Weapons
    93 | D:1      | Found Boagaq's Armour Shoppe.
   107 | D:1      | 107 ||| SHOPLISTING +0 cloak (63 gold, have 34).
   107 | D:1      | 107 ||| SHOPLISTING +0 pair of boots "Giosmo" {Str+3} (249
                  | gold, have 34).
   107 | D:1      | 107 ||| SHOPLISTING +0 ring mail (56 gold, have 34).
   107 | D:1      | 107 ||| SHOPLISTING +0 scale mail (56 gold, have 34).
   107 | D:1      | 107 ||| SHOPLISTING +2 pair of boots of flying (301 gold,
                  | have 34).
   305 | D:1      | Found Tejir's Weapon Emporium.
   314 | D:1      | 314 ||| SHOPLISTING +2 orcbow of freezing (256 gold, have
                  | 34).
   495 | D:1      | Reached XP level 3. HP: 20/20 MP: 5/5
   524 | D:1      | Found a faded altar of an unknown god.
   578 | D:1      | Found Anidior's Weapon Shop.
   675 | D:1      | 675 ||| UPGRADING to +0 pair of gloves.
   680 | D:1      | 680 ||| READING scroll labelled BUOCRUHEBB.
   683 | D:1      | 683 ||| READING scroll labelled DIPLUGR KALE.
   684 | D:1      | 684 ||| READING scroll labelled CIRGHA BEJY.
   685 | D:1      | 685 ||| READING scroll labelled SIRAOF IROL.
   686 | D:1      | 686 ||| READING 2 scrolls labelled DEIPUD DELAECI.
   687 | D:1      | 687 ||| DRINKING 2 clear potions.
   688 | D:1      | 688 ||| DROPPING scroll of butterflies.
   715 | D:2      | Reached skill level 7 in Ranged Weapons
   850 | D:2      | Reached XP level 4. HP: 25/25 MP: 6/6
   859 | D:2      | HP: 5/25 [worm (7)]
   865 | D:2      | HP: 3/25 [bat (1)]
   882 | D:2      | 882 ||| FLEEEEING.
   979 | D:2      | Found a glowing silver altar of Zin.
  1184 | D:2      | HP: 6/25 [adder (3)]
  1187 | D:2      | Reached skill level 8 in Ranged Weapons
  1612 | D:2      | 1612 ||| DROPPING amulet of magic regeneration.
  1613 | D:2      | 1613 ||| READING scroll labelled PIUBBUN BYAHIU.
  1721 | D:3      | Reached XP level 5. HP: 29/29 MP: 7/7
  1737 | D:3      | You fall into a shaft and drop 3 floors!
  1762 | D:6      | Noticed Duvessa
  1764 | D:6      | Noticed Dowan
  1770 | D:6      | Noticed a water moccasin
  1773 | D:6      | HP: 2/29 [Duvessa/+0 short sword (9)]
  1774 | D:6      | Slain by a hound

Levels and vault maps discovered:
D:1:      evilmike_arrival_plus, layout_loops_ring, serial_shops, shop_statue,
          shop, nicolae_shop_bloodbath_and_beyond, shop, shop,
          hellmonk_ecumenical_altar_run_dry, minmay_misc_feat_diagonals
D:2:      cheibrodos_greedy_goblins, layout_loops_ring, basic_altar,
          grunt_ministairs_12
D:3:      layout_basic, mainiacjoe_overflow_alcove_2, minmay_strange_pillars,
          nrook_campfire, minmay_misc_feat_chi, serial_bayou_pond_b,
          grunt_decor_junction
D:6:      layout_cave_pools, uniq_sigmund, uniq_duvessa

Skill      XL: |  1  2  3  4 |
---------------+-------------+-----
Ranged Weapons | 6 7 8 |  8.4
Fighting       | |  1.5
Dodging        | |  2.4
Stealth        | |  1.2

Action                     |  1- 3 |  4- 6 || total
---------------------------+-------+-------++-------
   Fire: Shortbow          |   105 |   109 ||   214
    Use: Scroll            |     5 |     1 ||     6
         Potion            |     1 |       ||     1
 Armour: Leather armour    |    11 |    25 ||    36
  Dodge: Dodged            |    25 |    51 ||    76

Table legend:
 A = Non-vault XP
 B = Vault XP
 C = Vault XP percentage of total XP
 D = Non-vault monster count
 E = Vault monster count
 F = Vault count percentage of total count
                 A         B        C        D         E       F
            +---------+---------+-------+---------+---------+-------
      Total |     161 |      36 |  18.3 |      64 |      13 |  16.9
            +---------+---------+-------+---------+---------+-------
        D:1 |      62 |       0 |   0.0 |      28 |       0 |   0.0
        D:2 |      86 |      36 |  29.5 |      28 |      13 |  31.7
        D:3 |      13 |       0 |   0.0 |       8 |       0 |   0.0
            +---------+---------+-------+---------+---------+-------
